 Dungeon Crawl Stone Soup version 0.31-a0-963-ga325b2283a (webtiles) character file.

Game seed: 660666432107346387

258383 Wahll the Eclecticist (level 19, -1/138 HPs)
             Began as a Mummy Venom Mage on Oct 24, 2023.
             Was an Initiate of Gozag.
             Slain by a +4 scimitar of venom (13 damage)
             ... animated by Zenata
             ... on level 2 of the Elven Halls.
             The game lasted 03:02:54 (67980 turns).

Wahll the Eclecticist (Mummy Venom Mage)           Turns: 67980, Time: 03:02:55

Health: -1/138     AC: 16    Str: 15    XL:     19   Next: 12%
Magic:  32/38      EV: 11    Int: 23    God:    Gozag
Gold:   2166       SH: 11    Dex: 12    Spells: 2/48 levels left

rFire   + + +        b - +1 broad axe "Sowoun" {elec, rF+++ Will+++ Int-4}
rCold   + + +        L - +1 kite shield {rC+}
rNeg    + + +        H - +4 skin of Zhor {*Englaciate rC+++ SInv}
rPois   ∞            g - +1 helmet
rElec   .            G - +2 cloak
rCorr   .            N - +1 pair of gloves
SInv    +            t - +0 pair of boots
Will    +++++        K - amulet of Lilacs {Acrobat rF+ Str+2}
Stlth   +++          c - ring of willpower
HPRegen 0.43/turn    k - +6 ring of intelligence
MPRegen 0.26/turn

%: acrobat, faith
@: about to teleport, hasted, studying Stealth, very quick
A: cold resistance 1, negative energy resistance 3, torment resistance 2, heat
vulnerability 1, in touch with death 2, no potions, faith
}: 2/15 runes: decaying, serpentine
a: Renounce Religion, Potion Petition, Call Merchant, Bribe Branch


You were on level 2 of the Elven Halls.
You worshipped Gozag.
Gozag was most pleased with you.
You visited 7 branches of the dungeon, and saw 33 of its levels.
You also visited: Ice Cave.

You collected 12202 gold pieces.
You spent 3247 gold pieces at shops.
You paid 6789 gold pieces to Gozag.

Inventory:

Hand Weapons
 a - a +7 demon trident of freezing
 b - the +1 broad axe "Sowoun" (weapon) {elec, rF+++ Will+++ Int-4}
   (You acquired it on level 9 of the Dungeon)

   Int-4:     It affects your intelligence (-4).
   rF+++:     It renders you almost immune to fire.
   Will+++:   It greatly increases your willpower.
Missiles
 h - 2 throwing nets
Armour
 g - a +1 helmet (worn)
 q - a +0 tower shield of resistance
 t - a +0 pair of boots (worn)
 G - a +2 cloak (worn)
 H - the +4 skin of Zhor (worn) {*Englaciate rC+++ SInv}
   (You found it on level 5 of the Lair of Beasts)

   *Englaciate: It radiates cold, occasionally slowing all nearby creatures who
   are not resistant to cold.
   rC+++:     It renders you almost immune to cold.
   SInv:      It lets you see invisible.
 L - a +1 kite shield of cold resistance (worn)
 N - a +1 pair of gloves (worn)
Magical Staves
 o - a staff of fire
 w - a staff of air
Jewellery
 c - a ring of willpower (left hand)
 d - a ring of resist corrosion
 k - a +6 ring of intelligence (right hand)
 A - a ring of ice
 D - a ring of see invisible
 J - the ring "Vamug" {rElec rC+ rN+ Will- Int+3}
   (You took it off a reaper in an ice cave)

   [ring of protection from cold]

   Int+3:     It affects your intelligence (+3).
   rC+:       It protects you from cold.
   rElec:     It insulates you from electricity.
   rN+:       It protects you from negative energy.
   Will-:     It decreases your willpower.
 K - the amulet of Lilacs (around neck) {Acrobat rF+ Str+2}
   (You found it in an ice cave)

   [amulet of the acrobat]

   Acrobat:   It increases your evasion while moving and waiting.
   Str+2:     It affects your strength (+2).
   rF+:       It protects you from fire.
 O - a ring of fire
Wands
 m - a wand of iceblast (25)
 r - a wand of digging (12)
 u - a wand of flame (15)
 v - a wand of charming (24)
 F - a wand of polymorph (7)
 M - a wand of mindburst (5)
Scrolls
 e - 8 scrolls of fog
 f - 11 scrolls of teleportation
 i - 6 scrolls of fear
 j - a scroll of poison
 l - 5 scrolls of immolation
 n - 7 scrolls of vulnerability
 s - 2 scrolls of silence
 y - 3 scrolls of butterflies
 z - 3 scrolls of revelation
 B - 2 scrolls of blinking
 I - 3 scrolls of enchant armour
Miscellaneous
 p - a sack of spiders (inert)
 C - a tin of tremorstones (inert)


   Skills:
 + Level 9.4 Fighting
 - Level 5.7(8.5) Axes
 - Level 5.9(8.0) Maces & Flails
 + Level 7.6(9.3) Polearms
 - Level 5.7(8.5) Staves
 + Level 7.5 Armour
 - Level 4.0 Dodging
 - Level 6.0 Stealth
 + Level 7.4 Shields
 * Level 15.0 Spellcasting
 + Level 7.3 Conjurations
 + Level 6.4 Summonings
 + Level 1.2 Necromancy
 + Level 5.1 Translocations
 - Level 2.0 Transmutations
 * Level 9.1 Fire Magic
 + Level 4.9 Ice Magic
 * Level 9.9 Air Magic
 + Level 4.6 Earth Magic
 - Level 8.0 Poison Magic
 + Level 7.1 Evocations


You had 2 spell levels left.
You knew the following spells:

 Your Spells              Type           Power      Damage    Failure   Level
a - Stone Arrow           Conj/Erth      88%        3d12      2%          3
b - Sticky Flame          Conj/Fire      53%        2d7       2%          4
c - Airstrike             Air            29%        2d(5-21)  1%          4
d - Mephitic Cloud        Conj/Pois/Air  54%        N/A       1%          3
e - Olgreb's Toxic Radia  Pois           52%        N/A       3%          4
f - Borgnjor's Vile Clut  Necr/Erth      31%        N/A       56%         5
g - Freezing Cloud        Conj/Ice/Air   25%        6-21      11%         5
h - Spellforged Servitor  Conj/Summ      24%        N/A       99%         7
j - Bombard               Conj/Erth      22%        9d4       73%         6
r - Ignite Poison         Fire/Tmut/Pois 46%        N/A       1%          3
z - Poisonous Vapours     Pois/Air       100%       N/A       1%          2

Your spell library contained the following spells:

 Spells                   Type           Power      Damage    Failure   Level
 Freeze                   Ice            100%       1d10      1%          1
 Magic Dart               Conj           100%       1d8       1%          1
 Sandblast                Erth           76%        2d16      1%          1
 Sting                    Tmut/Pois      100%       1d8       1%          1
 Call Imp                 Summ           94%        N/A       1%          2
 Cigotuvi's Dreadful Rot  Necr/Pois/Air  100%       N/A       1%          2
 Lesser Beckoning         Tloc           82%        N/A       1%          2
 Static Discharge         Conj/Air       100%       3-8/arc   1%          2
 Passwall                 Tmut/Erth      26%        N/A       3%          2
 Ensorcelled Hibernation  Hex/Ice        56%        N/A       4%          2
 Hailstorm                Conj/Ice       45%        3d10      1%          3
 Swiftness                Air            58%        N/A       1%          3
 Flame Wave               Conj/Fire      53%        2d13      2%          4
 Frozen Ramparts          Ice            78%        1d12      3%          3
 Gell's Gravitas          Tloc           41%        N/A       3%          3
 Teleport Other           Tloc           41%        N/A       3%          3
 Summon Lightning Spire   Summ/Air       53%        N/A       3%          4
 Inner Flame              Hex/Fire       38%        N/A       4%          3
 Dazzling Flash           Conj/Hex       68%        N/A       5%          3
 Brom's Barrelling Bould  Conj/Erth      44%        2d6       7%          4
 Iskenderun's Battlesphe  Conj           50%        2d10      12%         5
 Alistair's Intoxication  Tmut/Pois      26%        N/A       30%         5
 Silence                  Hex/Air        20%        N/A       30%         5
 Anguish                  Hex/Necr       22%        N/A       54%         4
 Cause Fear               Hex            8%         N/A       63%         4
 Agony                    Necr           51%        N/A       82%         5
 Yara's Violent Unravell  Hex/Tmut       10%        3d6       83%         5
 Eringya's Noxious Bog    Tmut/Pois      20%        4d6       86%         6
 Enfeeble                 Hex            8%         N/A       100%        7
 Malign Gateway           Summ/Tloc      22%        N/A       100%        7
 Summon Horrible Things   Summ           23%        N/A       100%        8
 Chain Lightning          Conj/Air       27%        3d36      100%        9
 Fire Storm               Conj/Fire      26%        8d7       100%        9
 Shatter                  Erth           19%        3d17*     100%        9


Dungeon Overview and Level Annotations

Branches:
Dungeon (15/15)            Temple (1/1) D:7            Lair (5/5) D:10
  Swamp (4/4) Lair:3        Snake (4/4) Lair:3        Slime (0/5) Lair:4
    Orc (2/2) D:12            Elf (2/3) Orc:2        Vaults (0/5) D:13
 Depths (0/4) D:15          IceCv (visited)

Altars:
Ashenzari
Cheibriados
Dithmenos
Fedhas
Gozag
Hepliaklqana
Kikubaaqudgha
Makhleb
Nemelex Xobeh
Okawaru
Qazlal
Ru
Sif Muna
Trog
Uskayaw
Vehumet
Wu Jian
Xom
Yredelemnul

Shops:
D:6 =   D:8 ?   D:9 *   D:15 (   Orc:2 (??*   Snake:1 ??:=*

Portals:
Trove: D:11 (give 2 scrolls of acquirement)

Annotations:
Lair:5 exclusion: obsidian statue
Swamp:4 3 runed translucent doors, Keoguots's ghost, adept GnSk
Elf:2 Zenata


Innate Abilities, Weirdness & Mutations

You are immune to poison.
Your flesh is cold resistant. (rC+)
You are immune to negative energy. (rN+++)
You are immune to unholy pain and torment.
You are vulnerable to heat. (rF-)
You are strongly in touch with the powers of death.
You do not drink.
You have a special connection with the divine. (Faith)


Message History

Aim: Zenata, wielding a +2 lajatang and wearing a +0 ring mail (heavily wounded, very poisoned, slow)
Okay, then.
Casting: Poisonous Vapours (safe; 1% risk of failure)
Confirm with . or Enter, or press ? or * to list all spells.
You ignite the poison in your surroundings!
Zenata seems to burn from within!!!
Zenata is almost dead.
Unknown command.
Unknown command.
Unknown command.
Casting: Ignite Poison (safe; 1% risk of failure)
Confirm with . or Enter, or press ? or * to list all spells.
Aiming: Poisonous Vapours (safe; 1% risk of failure)
Press: ? - help, Dir - move target, f - Zenata
Aim: Zenata, wielding a +2 lajatang and wearing a +0 ring mail (almost dead, slow) Poisonous vapours surround Zenata!
Zenata looks as sick as possible!
The +2 short sword of speed hits you!
You block the +4 scimitar of venom's attack.
The +2 short sword of speed hits you.
* * * LOW HITPOINT WARNING * * *
Unknown command.
Unknown command.
Unknown command.
Casting: Poisonous Vapours (safe; 1% risk of failure)
Confirm with . or Enter, or press ? or * to list all spells.
Aiming: Poisonous Vapours (safe; 1% risk of failure)
Press: ? - help, Dir - move target, f/p - Zenata
Aim: Zenata, wielding a +2 lajatang and wearing a +0 ring mail (almost dead, extremely poisoned, slow) Poisonous vapours surround Zenata!
Zenata looks as sick as possible!
Zenata is no longer moving slowly.
The +2 short sword of speed barely misses you.
The +4 scimitar of venom hits you!
* * * LOW HITPOINT WARNING * * *
You block the +2 short sword of speed's attack.
The +2 short sword of speed hits you but does no damage.
The +3 heavy scimitar hits you!
* * * LOW HITPOINT WARNING * * *
The +4 scimitar of venom hits you!
You die...
Your body crumbles into a pile of gold.

#..§# ##'$'## ##
###...).### ##
##...a.)...## ##
#...........# ##
##...........## #
#..(..........# #
#.((..........# #
#@(...........# #
#.(...........# #
#.............# #
##...........## #
#...........#####
##.........##....
###.....####.###
#....#...".#
#......#####


You could see Zenata (extremely poisoned) and 5 dancing weapons.

Vanquished Creatures
  Jorgrun (D:14)
  Rupert (D:13)
  Asterion (Elf:2)
  Agnes (D:14)
  2 nagarajas (Snake:4)
  2 thorn hunters
  2 fenstrider witches
  A deep elf sorcerer (Elf:1)
  Louise (D:14)
  3 ghouls (Swamp:1)
  3 reapers (IceCv)
  A very ugly thing (Snake:1)
  2 dire elephants (Lair:5)
  Azrael (D:14)
  Nessos (D:14)
  6 eleionomae
  A bunyip (Swamp:4)
  2 deep elf annihilators
  Snorg (D:10)
  Josephine (Orc:2)
  2 green deaths (Swamp:4)
  15 hydras
  Erolcha (D:10)
  A deep elf high priest (Elf:1)
  A shambling mangrove (Swamp:3)
  A rakshasa (D:13)
  5 salamander tyrants (Snake:4)
  A spriggan air mage (Swamp:4)
  An ogre mage (D:15)
  11 centaur warriors
  4 alligators
  17 dancing weapons
  18 anacondas
  2 boulder beetles
  4 two-headed ogres
  A death knight (D:15)
  2 ghost crabs
  5 death yaks (Lair:4)
  2 tengu warriors
  9 shock serpents
  A thrashing horror (Swamp:4)
  A deep troll earth mage (D:15)
  An occultist (D:15)
  10 naga warriors
  4 orc high priests
  6 naga sharpshooters
  Sonja (Orc:2)
  A skyshark (Lair:4)
  4 deep elf knights
  A spectral anaconda (Lair:5)
  5 salamander mystics (Snake:4)
  4 goliath frogs
  4 skeletal warriors (D:15)
  3 spriggan simulacra (IceCv)
  A spriggan druid (Swamp:2)
  10 deep elf archers
  6 swamp dragons
  9 bog bodies
  4 necromancers
  9 naga ritualists
  3 orc knights (Orc:2)
  An arcanist (D:15)
  3 lindwurms (Snake:4)
  22 deep elf pyromancers
  18 mana vipers
  16 ugly things
  12 salamanders
  16 deep elf zephyrmancers
  3 orc sorcerers (Orc:2)
  A cyclops (D:14)
  4 will-o-the-wisps
  3 manticores
  Maurice (D:8)
  A dire elephant zombie (Lair:5)
  17 elephants
  5 guardian serpents
  11 naga magi
  2 torpor snails (Lair:5)
  38 black mambas
  6 komodo dragons
  16 cane toads
  Maggie (D:6)
  An orange demon (Swamp:4)
  A yaktaur (D:15)
  2 tengu conjurers
  2 efreet
  A komodo dragon (shapeshifter) (D:15)
  An unseen horror zombie (D:9)
  7 rime drakes
  A rime drake (shapeshifter) (D:13)
  An anaconda simulacrum (IceCv)
  4 freezing wraiths
  3 meliai (D:15)
  A golden dragon simulacrum (IceCv)
  An alligator simulacrum (IceCv)
  2 bloated husks (Swamp:3)
  2 trolls
  3 large abominations (Swamp:4)
  6 hornets
  2 polar bears
  7 tyrant leeches
  4 dream sheep
  8 blink frogs
  A spectral elephant (Lair:5)
  5 wraiths
  6 spriggans
  17 slime creatures
  2 air elementals (Elf:2)
  4 shadows (Swamp:4)
  A water elemental (Elf:2)
  4 vampires
  45 yaks
  6 fire elementals
  Grum (D:10)
  4 wyverns
  10 basilisks
  A steam dragon (D:7)
  15 vampire mosquitoes
  2 wargs
  5 minotaur simulacra (IceCv)
  27 nagas
  Edmund (D:5)
  3 acid dragons
  14 swamp worms
  3 hydra simulacra (IceCv)
  2 hell hounds (D:14)
  7 water moccasins
  A sky beast (D:7)
  23 orc warriors
  6 ice beasts
  2 swamp drakes
  A black bear (D:6)
  9 ogres
  14 wolves
  10 centaurs
  4 phantoms
  4 kobold brigands
  4 necrophages
  2 deep troll simulacra (IceCv)
  A gnoll sergeant (D:7)
  12 bullfrogs
  A scorpion (D:5)
  7 wights (D:9)
  3 killer bees (D:9)
  3 elephant simulacra (Lair:5)
  10 howler monkeys
  3 centaur zombies (D:9)
  A jelly (D:4)
  Crazy Yiuf (D:2)
  A human zombie (D:9)
  20 orc priests
  4 hounds
  4 gnoll boudas
  5 sleepcaps
  Ijyb (D:5)
  26 orc wizards
  3 iguanas
  A mummy (D:9)
  A howler monkey zombie (D:9)
  Robin (D:2)
  5 adders
  21 gnolls
  2 shadow imps (D:6)
  3 white imps
  6 ufetubi (D:5)
  4 worms
  2 dart slugs
  86 orcs
  6 bats
  7 endoplasms
  5 giant cockroaches
  15 goblins
  10 hobgoblins
  5 quokkas
  7 ball pythons
  A frilled lizard (D:2)
  24 kobolds
  5 rats
  2 butterflies (Lair:4)
1073 creatures vanquished.

Vanquished Creatures (collateral kills)
  A tentacled monstrosity (Swamp:4)
  A ghoul (Swamp:1)
  An eleionoma (Swamp:2)
  2 dire elephants (Lair:5)
  2 bunyips
  A naga warrior (Snake:1)
  2 naga sharpshooters (Snake:4)
  A shock serpent (Snake:4)
  2 spectral death yaks (Lair:5)
  A skeletal warrior (D:15)
  A goliath frog (Swamp:1)
  A bog body (Swamp:1)
  An orc knight (Orc:2)
  A phantasmal warrior (D:15)
  A mana viper (Snake:1)
  2 spriggan simulacra (IceCv)
  2 ugly things
  A naga mage (Snake:1)
  An elephant (Lair:5)
  A torpor snail (Lair:5)
  3 freezing wraiths
  An anaconda simulacrum (IceCv)
  A bloated husk (Swamp:4)
  A tyrant leech (Swamp:3)
  A spectral elephant (Lair:5)
  2 dire elephant simulacra
  A minotaur simulacrum (IceCv)
  3 vampire mosquitoes
  A swamp worm (Swamp:1)
  A spectral cane toad (Lair:5)
  2 nagas (Snake:1)
  2 elephant skeletons (Lair:5)
  A lindwurm simulacrum (IceCv)
  An elephant simulacrum (Lair:5)
47 creatures vanquished.

Vanquished Creatures (others)
  A deep elf knight (Elf:1)
  A bog body (Swamp:4)
  A deep elf archer (Elf:2)
  2 bloated husks (Swamp:4)
  A vampire mosquito (Swamp:4)
  An orc warrior (Orc:2)
  8 foxfires
15 creatures vanquished.

Grand Total: 1135 creatures vanquished

Notes
Turn   | Place    | Note
-------+----------+-------------------------------------------
     0 | D:1      | Wahll the Mummy Venom Mage began the quest for the Orb.
     0 | D:1      | Reached XP level 1. HP: 13/13 MP: 4/4
   133 | D:1      | Found a faded altar of an unknown god.
   517 | D:1      | Reached XP level 2. HP: 19/19 MP: 2/5
   530 | D:1      | Learned a level 2 spell: Poisonous Vapours
  1168 | D:2      | Reached XP level 3. HP: 18/24 MP: 1/7
  1176 | D:2      | Learned a level 3 spell: Mephitic Cloud
  1188 | D:2      | Noticed Robin
  1196 | D:2      | Killed Robin
  1197 | D:2      | Reached skill level 1 in Transmutations
  1314 | D:2      | Reached skill level 3 in Spellcasting
  1402 | D:2      | Reached XP level 4. HP: 17/30 MP: 2/8
  2238 | D:2      | Found a runed translucent door.
  2239 | D:2      | Noticed Crazy Yiuf
  3120 | D:3      | Reached XP level 5. HP: 34/36 MP: 3/9
  3652 | D:4      | Learned a level 4 spell: Olgreb's Toxic Radiance
  3720 | D:4      | HP: 1/36 [acid (9)]
  3722 | D:4      | Reached XP level 6. HP: 2/42 MP: 4/11
  4280 | D:4      | Reached skill level 1 in Armour
  4390 | D:4      | Reached skill level 1 in Air Magic
  4482 | D:4      | Reached skill level 1 in Axes
  4482 | D:4      | Reached skill level 1 in Maces & Flails
  4552 | D:5      | Entered Level 5 of the Dungeon
  4577 | D:4      | Reached skill level 1 in Fighting
  4577 | D:4      | Reached skill level 1 in Evocations
  4727 | D:5      | Reached skill level 1 in Polearms
  4727 | D:5      | Reached XP level 7. HP: 48/48 MP: 7/12
  5016 | D:5      | Found a radiant altar of Vehumet.
  5301 | D:5      | Reached skill level 1 in Shields
  5399 | D:5      | Noticed Edmund
  5427 | D:5      | Killed Edmund
  5428 | D:5      | Reached skill level 4 in Spellcasting
  5428 | D:5      | Reached skill level 1 in Conjurations
  5687 | D:5      | Reached skill level 1 in Staves
  5844 | D:5      | Noticed Ijyb
  5857 | D:5      | Killed Ijyb
  5990 | D:5      | Found a sacrificial altar of Ru.
  5994 | D:5      | Found an iron altar of Okawaru.
  5995 | D:5      | Found a stormy altar of Qazlal.
  6074 | D:5      | Learned a level 4 spell: Airstrike
  6253 | D:6      | Noticed Maggie
  6302 | D:6      | Found Camec's Jewellery Boutique.
  6330 | D:5      | Reached XP level 8. HP: 22/54 MP: 0/14
  6334 | D:5      | Reached skill level 1 in Fire Magic
  7743 | D:7      | Reached XP level 9. HP: 61/61 MP: 3/16
  8299 | D:7      | Reached skill level 5 in Spellcasting
  8407 | D:7      | Found a staircase to the Ecumenical Temple.
  8415 | Temple   | Entered the Ecumenical Temple
  8423 | Temple   | Became a worshipper of Gozag Ym Sagoz the Greedy
  8708 | D:7      | Learned a level 4 spell: Flame Wave
  8782 | D:8      | Learned a level 4 spell: Sticky Flame
  8941 | D:8      | You fall into a shaft and drop 2 floors!
  8941 | D:10     | Entered Level 10 of the Dungeon
  9847 | D:8      | Found Porun's Magic Scroll Shop.
  9848 | D:8      | Found the dreamshard necklace {Acrobat *Dream}
  9863 | D:8      | Bought a scroll of teleportation for 30 gold pieces
  9863 | D:8      | Bought a scroll of butterflies for 40 gold pieces
  9863 | D:8      | Bought a scroll of enchant weapon for 75 gold pieces
  9863 | D:8      | Bought a scroll of brand weapon for 95 gold pieces
  9908 | D:8      | Noticed Maurice
  9922 | D:8      | Killed Maurice
 10574 | D:9      | Identified a scroll of acquirement
 10575 | D:9      | Acquired the +1 broad axe "Sowoun" {elec, rF+++ Will+++
                  | Int-4}
 10911 | D:9      | Found an ancient bone altar of Kikubaaqudgha.
 10999 | D:9      | Reached XP level 10. HP: 63/69 MP: 18/18
 11632 | D:9      | Found Bummanug's Elemental Accessories.
 11814 | D:9      | Reached skill level 6 in Spellcasting
 12513 | D:10     | Noticed Grum
 12532 | D:10     | Killed Grum
 12533 | D:10     | Reached skill level 5 in Poison Magic
 12792 | D:10     | Noticed Erolcha
 12797 | D:10     | Reached skill level 5 in Stealth
 12807 | D:10     | Killed Erolcha
 13022 | D:10     | Reached skill level 7 in Spellcasting
 13036 | D:10     | Reached XP level 11. HP: 60/75 MP: 7/21
 13041 | D:10     | Learned a level 4 spell: Summon Lightning Spire
 13171 | D:10     | Found a staircase to the Lair.
 13283 | D:10     | Noticed Snorg
 13305 | D:10     | Killed Snorg
 13836 | D:11     | Noticed a boulder beetle
 14051 | D:11     | Found a portal to a secret trove of treasure.
 14085 | D:11     | Killed a boulder beetle
 15335 | D:11     | Found a portal to a secret trove of treasure.
 16146 | D:6      | Killed Maggie
 16474 | D:2      | Killed Crazy Yiuf
 16719 | Lair:1   | Entered Level 1 of the Lair of Beasts
 17006 | Lair:1   | Reached skill level 1 in Summonings
 17986 | Lair:1   | Reached skill level 8 in Spellcasting
 18724 | Lair:2   | Reached XP level 12. HP: 71/84 MP: 13/24
 19198 | Lair:2   | Noticed a six-headed hydra
 19206 | Lair:2   | Killed a six-headed hydra
 19742 | Lair:2   | Learned a level 4 spell: Flame Wave
 20039 | Lair:2   | Identified the +3 leather armour "Mostioc" {*Corrode rElec
                  | rN+ Int+6}
 20740 | Lair:3   | Noticed a seven-headed hydra
 21177 | Lair:3   | Found a staircase to the Snake Pit.
 21276 | Lair:3   | Reached skill level 5 in Fighting
 21466 | Lair:3   | Killed a seven-headed hydra
 21467 | Lair:3   | Reached skill level 9 in Spellcasting
 21617 | Lair:3   | Found a staircase to the Swamp.
 21983 | Lair:4   | Noticed a four-headed hydra
 21987 | Lair:4   | Killed a four-headed hydra
 22484 | Lair:4   | Noticed a death yak
 22520 | Lair:4   | Killed a death yak
 22521 | Lair:4   | Gained mutation: You are strongly in touch with the powers
                  | of death. [Mummy growth]
 22521 | Lair:4   | Reached XP level 13. HP: 73/91 MP: 11/26
 23634 | Lair:4   | Reached skill level 5 in Air Magic
 23838 | Lair:4   | Found a staircase to the Slime Pits.
 24319 | Lair:5   | Entered Level 5 of the Lair of Beasts
 25316 | Lair:5   | Reached skill level 10 in Spellcasting
 26226 | Lair:5   | Reached skill level 5 in Maces & Flails
 26304 | Lair:5   | Found the +4 skin of Zhor {*Englaciate rC+++ SInv}
 26882 | Lair:5   | Noticed a dire elephant
 26882 | Lair:5   | Noticed a dire elephant
 26882 | Lair:5   | Noticed a dire elephant
 26882 | Lair:5   | Noticed a dire elephant
 26910 | Lair:5   | Killed a dire elephant
 27195 | Lair:5   | Reached XP level 14. HP: 70/99 MP: 9/28
 27594 | Lair:5   | Reached skill level 5 in Polearms
 27917 | Lair:5   | Reached skill level 5 in Axes
 27956 | Lair:5   | Reached skill level 5 in Conjurations
 28350 | D:11     | Learned a level 3 spell: Teleport Other
 28510 | D:12     | Reached skill level 5 in Armour
 29133 | D:12     | Found a staircase to the Orcish Mines.
 29646 | Orc:1    | Entered Level 1 of the Orcish Mines
 30741 | Orc:2    | Entered Level 2 of the Orcish Mines
 30750 | Orc:2    | Noticed Sonja
 30753 | Orc:2    | Killed Sonja
 31012 | Orc:2    | Reached skill level 5 in Staves
 31201 | Orc:2    | Found a staircase to the Elven Halls.
 31444 | Orc:2    | Reached skill level 11 in Spellcasting
 31610 | Orc:2    | Noticed Josephine
 31626 | Orc:2    | Killed Josephine
 31627 | Orc:2    | Reached skill level 1 in Translocations
 31627 | Orc:2    | Reached skill level 5 in Fire Magic
 31805 | Orc:2    | Learned a level 3 spell: Frozen Ramparts
 32367 | Orc:2    | Found Mevvohuse's Weapon Emporium.
 32367 | Orc:2    | Found Ommon's Assorted Antiques.
 32369 | Orc:2    | Found Topaanat's Magic Scroll Emporium.
 32369 | Orc:2    | Found Woem's Magic Scroll Shop.
 32377 | Orc:2    | Bought a scroll of enchant armour for 97 gold pieces
 32379 | Orc:2    | Bought a scroll of blinking for 120 gold pieces
 32725 | Swamp:1  | Entered Level 1 of the Swamp
 32778 | Swamp:1  | Reached skill level 5 in Shields
 32907 | Swamp:1  | Noticed a fenstrider witch
 33428 | Lair:3   | Found a staircase to the Swamp.
 33501 | Lair:3   | Killed a fenstrider witch
 33731 | Lair:3   | Found a staircase to the Snake Pit.
 33913 | Snake:1  | Entered Level 1 of the Snake Pit
 33921 | Snake:1  | Found Sihyva's Magic Scroll Shop.
 33948 | Snake:1  | Found a basalt altar of Yredelemnul.
 34000 | Snake:1  | Found Qodgha's Book Emporium.
 34328 | Snake:1  | Found a frozen archway.
 34328 | Snake:1  | Noticed a white very ugly thing
 34351 | IceCv    | Entered an ice cave
 34586 | IceCv    | Reached skill level 5 in Evocations
 35835 | IceCv    | Reached XP level 15. HP: 36/107 MP: 1/30
 36476 | IceCv    | Reached skill level 1 in Ice Magic
 36854 | IceCv    | Identified the ring "Vamug" {rElec rC+ rN+ Will- Int+3}
 37241 | IceCv    | Identified the amulet of Lilacs {Acrobat rF+ Str+2}
 37895 | Snake:1  | Bought a scroll of teleportation for 57 gold pieces
 38721 | Snake:1  | Found Tuwill's Jewellery Shoppe.
 38723 | Snake:1  | Found Vuthey's Assorted Antiques.
 38723 | Snake:1  | Found Qith's Magic Scroll Emporium.
 38731 | Snake:1  | Bought a wand of iceblast (5) for 420 gold pieces
 38737 | Snake:1  | Bought a scroll of blinking for 97 gold pieces
 38737 | Snake:1  | Bought a scroll of teleportation for 39 gold pieces
 38737 | Snake:1  | Bought a scroll of blinking for 97 gold pieces
 40100 | Snake:2  | Reached skill level 12 in Spellcasting
 42869 | Snake:3  | Reached skill level 1 in Earth Magic
 43669 | Snake:3  | Reached XP level 16. HP: 89/115 MP: 13/32
 44341 | Snake:4  | Entered Level 4 of the Snake Pit
 46462 | Snake:4  | Learned a level 3 spell: Ignite Poison
 46468 | Snake:4  | Learned a level 5 spell: Freezing Cloud
 48579 | Snake:4  | Reached skill level 5 in Summonings
 48709 | Snake:4  | Reached skill level 13 in Spellcasting
 50540 | Snake:4  | Got a serpentine rune of Zot
 50685 | Snake:1  | Bought a book of Annihilations for 960 gold pieces
 50685 | Snake:1  | Bought a book of Power for 672 gold pieces
 50685 | Snake:1  | Bought a book of Geomancy for 448 gold pieces
 50691 | Snake:1  | Learned a level 3 spell: Stone Arrow
 51070 | Lair:3   | Reached XP level 17. HP: 122/122 MP: 21/34
 51335 | Swamp:1  | Identified the +5 long sword "Efuow" {freeze, rN+ Int+2
                  | Dex+4}
 51481 | Swamp:1  | Found a shimmering altar of Xom.
 56213 | Swamp:4  | Entered Level 4 of the Swamp
 57671 | Swamp:4  | Found a runed translucent gate.
 57770 | Swamp:4  | Found a runed translucent gate.
 57770 | Swamp:4  | Found a runed translucent gate.
 57770 | Swamp:4  | Noticed Keoguots's ghost (adept GnSk)
 58554 | Swamp:4  | Noticed a tentacled monstrosity
 58564 | Swamp:4  | Killed a tentacled monstrosity
 58565 | Swamp:4  | Reached skill level 14 in Spellcasting
 58990 | Swamp:4  | Got a decaying rune of Zot
 59721 | D:13     | Noticed Rupert
 59766 | D:13     | Reached XP level 18. HP: 115/131 MP: 14/36
 59767 | D:13     | Killed Rupert
 60199 | D:13     | Learned a level 6 spell: Bombard
 60311 | D:13     | Found a gate to the Vaults.
 60633 | D:14     | Noticed Nessos
 60636 | D:14     | Killed Nessos
 60707 | D:14     | Noticed Agnes
 60714 | D:14     | Killed Agnes
 61014 | D:14     | Noticed Louise
 61022 | D:14     | Noticed Azrael
 61031 | D:14     | Killed Azrael
 61038 | D:14     | Killed Louise
 61335 | D:14     | Noticed Jorgrun
 61343 | D:14     | Killed Jorgrun
 61785 | D:15     | Entered Level 15 of the Dungeon
 62004 | D:15     | Found Diamyo's Antique Weapon Boutique.
 62412 | D:15     | Found a staircase to the Depths.
 62426 | D:15     | Identified the +2 scale mail "Osmy" {Harm Dex-3 Stlth+}
 63667 | D:15     | Learned a level 7 spell: Spellforged Servitor
 63785 | WizLab   | Identified the "Ocapt"
 63785 | Elf:1    | Entered Level 1 of the Elven Halls
 63856 | Elf:1    | You fall into a shaft and drop 1 floor!
 63856 | Elf:2    | Identified the "Uthih"
 64128 | Elf:2    | Identified the +7 chain mail of Xiclitar {-Tele rN+ rCorr}
 64503 | Elf:2    | Noticed Asterion
 64757 | Elf:2    | Killed Asterion
 65132 | Elf:2    | Paralysed by an air elemental for 1 turns
 65139 | Elf:2    | Paralysed by an air elemental for 1 turns
 65145 | Elf:2    | Paralysed by an air elemental for 1 turns
 65306 | Elf:2    | Found a runed translucent gate.
 65306 | Elf:2    | Found a runed translucent gate.
 65306 | Elf:2    | Found a runed translucent gate.
 65360 | Elf:2    | Reached skill level 5 in Translocations
 65527 | Elf:2    | Learned a level 5 spell: Borgnjor's Vile Clutch
 66813 | Elf:1    | Reached XP level 19. HP: 121/138 MP: 9/37
 66984 | Elf:1    | Reached skill level 15 in Spellcasting
 67370 | Elf:2    | Reached skill level 1 in Necromancy
 67390 | Elf:2    | Saved by the dreamshard amulet
 67960 | Elf:2    | Noticed Zenata
 67980 | Elf:2    | Slain by a +4 scimitar of venom

Illustrated notes

Levels and vault maps discovered:
D:1:      lemuel_arrival_river_bridge, layout_basic,
          hellmonk_ecumenical_altar_inner_sanctum, kennysheep_nondescript,
          minmay_pentomino_v4
D:2:      layout_basic, grunt_decor_fettered, minmay_misc_feat_iff,
          uniq_crazy_yiuf_cottage, uniq_robin
D:3:      cheibrodos_helix_gallery, layout_loops_ring, hellmonk_no_cap
D:4:      layout_loops_cross, tso_metal_star
D:5:      layout_basic, minitemple, mainiacjoe_overflow_large_starburst,
          uniq_ijyb, uniq_edmund
D:6:      layout_basic, serial_shops, nicolae_stop_n_shop_1, uniq_maggie
D:7:      layout_basic, minmay_temple_entry_glassed_door, roderic_batcave
D:8:      layout_loops_ring, serial_shops, nicolae_lakefront_shop,
          kennysheep_donut, chequers_serial_rivers_micro_a, uniq_maurice
D:9:      layout_stronghold, lemuel_mausoleum_altar_kikubaaqudgha,
          nicolae_elemental_shop, chequers_serial_rivers_micro_a
D:10:     layout_long_grid, hellmonk_lair_entry_icy, uniq_grum, uniq_erolcha,
          uniq_snorg
D:11:     layout_loops_corners, nicolae_trove_entry_columns, kennysheep_path_1
D:12:     layout_rooms, erik_orc_1
D:13:     layout_cross, david_vaults_4, uniq_rupert
D:14:     layout_rooms, minmay_hedge_maze, uniq_nessos, uniq_agnes, uniq_azrael,
          uniq_jorgrun, uniq_louise
D:15:     hellmonk_depths_entry_around_the_bend, layout_loops_ring,
          serial_shops, shop, chequers_garden
Temple:   bh_familiar_temple
Lair:1:   layout_layer_cave
Lair:2:   layout_hall_layers, serial_bayou_lagoon_b,
          infiniplex_staircase_pool_2, lemuel_fruit_tree, serial_bayou_shore_a
Lair:3:   layout_concentric_octagons, skrybe_swamp_entry_bodies,
          minmay_snake_entry_guardpost_small, grunt_megastairs_4
Lair:4:   layout_gridlike, slime_entry_1, chequers_serial_rivers_small_3,
          serial_bayou_shore_b, infiniplex_staircase_pool, lemuel_fruit_fields,
          grunt_megastairs_3
Lair:5:   due_jungle_book, layout_gridlike, hellmonk_guarded_unrand_zhor,
          grunt_megastairs_1, serial_bayou_shore_b
Swamp:1:  layout_falls_marsh, nicolae_swamp_godswood
Swamp:2:  layout_basic_swamp, nicolae_swamp_some_circles, swamp_pool2,
          nicolae_swamp_big_swirl
Swamp:3:  nicolae_swamp_wrong_neighborhood, layout_basic_swamp,
          nicolae_swamp_bean_lake, swamp_pool3
Swamp:4:  swamp_vile, layout_basic_swamp, gammafunk_ghost_necromancy
Snake:1:  layout_cave_shapes, portal_ice_cave_entry_ugly_swarm, basic_altar,
          serial_shops, shop, nicolae_twisty_statue_hallways, minmay_shoptagon
Snake:2:  layout_rooms, nicolae_elevator_lobby_asterisk
Snake:3:  layout_gridlike
Snake:4:  snake_pit_salamanders_mu, layout_cave_town, grunt_ministairs_13,
          serial_bayou_shore_b
Orc:1:    minmay_goldmine, layout_caves
Orc:2:    grunt_orc_tribal_feast, layout_caves, uniq_sonja, uniq_josephine
Elf:1:    eino_elf_arrival_shootout, layout_geoelf_octagon,
          hangedman_elf_represent
Elf:2:    nicolae_elf_blades_splatter_lattice [nicolae_blade_bullseye],
          layout_loops_ring, serial_co_window_serial, co_window_corner_a,
          co_window_paths_a, co_window_corner_a, co_window_corner_a,
          co_window_corner_a, co_window_2corner, co_window_of_opportunity_c,
          co_window_unsneaky_path_e, co_window_paths_d, glass_columns_c,
          glass_columns_a, glass_columns_a, glass_columns_b, glass_columns_c,
          uniq_asterion, uniq_zenata

Skill      XL: |  1  2  3  4  5  6  7  8  9 10 11 12 13 14 15 16 17 18 19 |
---------------+----------------------------------------------------------+-----
Stealth        | 2 3 4 5 6 |  6.0
Transmutations | 1 2 |  2.0
Spellcasting   | 3 4 5 7 8 9 10 11 12 13 14 15 | 15.0
Dodging        | 2 3 4 |  4.0
Poison Magic   | 3 4 5 6 7 8 |  8.0
Armour         | 1 2 3 4 5 6 7 |  7.5
Air Magic      | 1 2 3 4 5 6 7 8 9 |  9.9
Axes           | 1 2 3 4 5 |  5.7
Maces & Flails | 1 2 3 4 5 |  5.9
Fighting       | 1 2 3 4 5 6 7 8 9 |  9.4
Evocations     | 1 2 3 4 5 6 7 |  7.1
Polearms       | 1 2 3 4 5 6 7 |  7.6
Shields        | 1 2 3 4 5 6 7 |  7.4
Conjurations   | 1 2 3 4 5 6 7 |  7.3
Staves         | 1 2 3 4 5 |  5.7
Fire Magic     | 1 2 3 4 5 6 7 8 9 |  9.1
Summonings     | 1 2 3 4 5 6 |  6.4
Translocations | 1 2 3 4 5 |  5.1
Ice Magic      | 2 3 4 |  4.9
Earth Magic    | 1 2 3 4 |  4.6
Necromancy     | 1 |  1.2

Action                     |  1- 3 |  4- 6 |  7- 9 | 10-12 | 13-15 | 16-18 | 19-21 || total
---------------------------+-------+-------+-------+-------+-------+-------+-------++-------
  Melee: Short sword       |    20 |       |       |       |       |       |       ||    20
         Unarmed           |     1 |       |       |       |       |       |       ||     1
         Quarterstaff      |    27 |   116 |   108 |       |       |       |       ||   251
         Punch             |     1 |       |       |       |       |       |       ||     1
         Trident           |       |       |    90 |   411 |   525 |       |       ||  1026
         Broad axe         |       |       |    40 |     5 |    30 |   105 |     1 ||   181
         Demon trident     |       |       |       |       |    82 |    96 |       ||   178
         Staff             |       |       |       |       |    23 |   136 |       ||   159
   Cast: Sting             |    52 |   113 |   163 |    68 |     1 |     4 |       ||   401
         Poisonous Vapours |       |       |    18 |    54 |   113 |   218 |    17 ||   420
         Mephitic Cloud    |       |       |     5 |    14 |    23 |     1 |       ||    43
         Olgreb's Toxic Ra |       |       |    21 |    58 |   124 |    63 |     3 ||   269
         Airstrike         |       |       |       |    48 |   249 |   373 |    17 ||   687
         Sticky Flame      |       |       |       |    21 |   105 |    36 |       ||   162
         Flame Wave        |       |       |       |     3 |     5 |       |       ||     8
         Summon Lightning  |       |       |       |       |    63 |    27 |       ||    90
         Frozen Ramparts   |       |       |       |       |    21 |    43 |       ||    64
         Freezing Cloud    |       |       |       |       |       |    56 |     1 ||    57
         Ignite Poison     |       |       |       |       |       |   121 |    13 ||   134
         Stone Arrow       |       |       |       |       |       |    33 |     3 ||    36
 Invoke: Potion Petition   |       |       |       |       |     5 |     8 |     4 ||    17
  Evoke: Wand              |       |     1 |     1 |     6 |     6 |     3 |     2 ||    19
         Tin of tremorston |       |       |       |     3 |     4 |     3 |     1 ||    11
         Sack of spiders   |       |       |       |       |       |     1 |     1 ||     2
    Use: Scroll            |     1 |       |    11 |     2 |     7 |    10 |     3 ||    34
   Stab: Sleeping          |       |     2 |     7 |     1 |     5 |     1 |       ||    16
         Confused          |       |       |     1 |     6 |     7 |       |       ||    14
         Distracted        |       |       |     1 |     4 |    13 |     2 |       ||    20
 Armour: Robe              |    40 |    94 |    43 |       |       |       |       ||   177
         Leather armour    |       |       |   207 |   301 |   167 |       |       ||   675
         Animal skin       |       |       |       |       |   436 |   543 |    35 ||  1014
  Dodge: Dodged            |    48 |   124 |   242 |   274 |   449 |   222 |    17 ||  1376
  Block: Buckler           |       |       |    18 |    93 |   159 |       |       ||   270
         Kite shield       |       |       |       |       |    18 |   303 |    12 ||   333

Table legend: (Time is in decaauts)
 A = Elapsed time spent in this place.
 B = Non-inter-level travel time spent in this place.
 C = Inter-level travel time spent in this place.
 D = Time resting spent in this place.
 E = Time spent auto-exploring this place.
 F = Levels seen in this place.
 G = Mean time per level.
                   A        B        C        D        E       F      G
               +--------+--------+--------+--------+--------+-----+--------+
         Total |  68506 |  65918 |   2588 |  23135 |  32544 |  34 | 2014.9 |
       Dungeon |  22416 |  21096 |   1320 |   2423 |  15373 |  15 | 1494.4 |
        Temple |     15 |      9 |      6 |      0 |      0 |   1 |   15.0 |
          Lair |  13445 |  12848 |    597 |   4178 |   6596 |   5 | 2689.0 |
         Swamp |   8966 |   8813 |    153 |   4677 |   3156 |   4 | 2241.5 |
     Snake Pit |  13318 |  13052 |    266 |   7002 |   3942 |   4 | 3329.5 |
  Orcish Mines |   2956 |   2855 |    101 |    705 |   1595 |   2 | 1478.0 |
   Elven Halls |   4195 |   4053 |    142 |   1739 |   1747 |   2 | 2097.5 |
      Ice Cave |   3191 |   3191 |      0 |   2410 |    134 |   1 | 3191.0 |
               +--------+--------+--------+--------+--------+-----+--------+

Top non-repeatable levels by time:
 Snake:4: 6154 daAuts
  Lair:5: 3538 daAuts
 Snake:1: 3309 daAuts
   IceCv: 3191 daAuts
 Swamp:4: 3134 daAuts
  Lair:3: 2966 daAuts
   Elf:2: 2864 daAuts
     D:9: 2698 daAuts
  Lair:4: 2470 daAuts
 Snake:3: 2383 daAuts
  Lair:1: 2326 daAuts
    D:11: 2156 daAuts
  Lair:2: 2143 daAuts
 Swamp:1: 2032 daAuts
 Swamp:3: 1944 daAuts
